 Dungeon Crawl Stone Soup version 0.20-a0-629-gc37eb77 (webtiles) character file.

491 nubinia the Magician (level 6, -5/32 HPs)
             Began as a Deep Elf Air Elementalist on Feb 10, 2017.
             Killed by nerve-wracking pain
             ... invoked by an orc priest
              (11 damage)
             ... on level 5 of the Dungeon.
             The game lasted 00:13:27 (3390 turns).

nubinia the Magician (Deep Elf Air Elementalist)    Turns: 3390, Time: 00:13:28

Health: -5/32      AC:  3    Str:  5    XL:     6   Next: 91%
Magic:  8/17       EV: 13    Int: 21    God:
Gold:   230        SH:  0    Dex: 16    Spells: 7/17 levels left

rFire    . . .     SeeInvis .   y - +3 quarterstaff (chaos)
rCold    . . .     Gourm    .   a - +0 robe
rNeg     . . .     Faith    .   (shield currently unavailable)
rPois    +         Spirit   .   (no helmet)
rElec    .         Reflect  .   z - +0 cloak {rPois}
rCorr    .         Harm     .   (no gloves)
MR       .....                  (no boots)
Stlth    ++........             (no amulet)
Regen    0.1/turn               (no ring)
                                (no ring)

@: very slightly contaminated
A: no striking features
a: no special abilities


You were on level 5 of the Dungeon.
You were not hungry.

You visited 1 branch of the dungeon, and saw 5 of its levels.

You collected 230 gold pieces.

Inventory:

Hand Weapons
 p - a +3 mace
 r - a cursed +0 dagger
 w - a +0 dagger of speed
 y - a +3 quarterstaff of chaos (weapon)
Armour
 a - a +0 robe (worn)
 z - a +0 cloak of poison resistance (worn)
Jewellery
 s - an uncursed ring of wizardry {unknown}
 v - an uncursed ring of poison resistance {unknown}
 C - a cursed -2 ring of protection {unknown}
 E - a +3 ring of strength {unknown}
 K - a +3 ring of dexterity {unknown}
Wands
 x - a wand of polymorph (9/24)
 A - a wand of polymorph (8/24)
 B - a wand of confusion (30/48)
 F - a wand of flame (17/48)
Scrolls
 d - 3 scrolls of remove curse {unknown}
 g - 2 scrolls of recharging {unknown}
 h - 3 scrolls of teleportation {unknown}
 i - a scroll of enchant armour {unknown}
 l - a scroll of amnesia {unknown}
 m - 2 scrolls of blinking {unknown}
 n - a scroll of noise {unknown}
 t - 4 scrolls of identify {unknown}
 u - 2 scrolls of magic mapping {unknown}
 L - a scroll of immolation {unknown}
Potions
 e - a potion of heal wounds {unknown}
 f - 6 potions of curing {unknown}
 j - a potion of lignification {unknown}
 k - 3 potions of agility
 o - a potion of cancellation {unknown}
 q - 3 potions of mutation {unknown}
 G - a potion of degeneration {unknown}
Books
 b - a book of Air

   Spells                             Type                      Level
   a - Shock                          Conjuration/Air              1
   b - Swiftness                      Charms/Air                   2
   c - Static Discharge               Conjuration/Air              3
   d - Airstrike                      Air                          4
   e - Lightning Bolt                 Conjuration/Air              5
Comestibles
 c - 3 bread rations
 D - 2 fruits
 H - 2 meat rations
 I - 2 royal jellies
 J - 2 chunks of flesh


   Skills:
 + Level 1.2 Staves
 + Level 2.9 Dodging
 + Level 2.9 Stealth
 + Level 6.3 Spellcasting
 + Level 3.6 Conjurations
 + Level 0.4 Charms
 + Level 5.0 Air Magic


You had 7 spell levels left.
You knew the following spells:

 Your Spells              Type           Power        Failure   Level  Hunger
a - Shock                 Conj/Air       ###.         1%          1    None
b - Airstrike             Air            ####......   14%         4    ###....
c - Static Discharge      Conj/Air       ###.....     6%          3    #......
d - Swiftness             Chrm/Air       ###.....     6%          2    None


Dungeon Overview and Level Annotations

Branches:
Dungeon (5/15)
 Temple: D:4-7

Altars:
Makhleb

Annotations:
D:5 Edmund


Message History

Aiming: Shock
Press: ? - help, Shift-Dir - straight line The zap misses the orc priest.
The zap hits the orc priest.
The orc priest appears unharmed.
The orc priest is almost dead.
The zap hits the orc priest.
You kill the orc priest!
Your Air Magic skill increases to level 5!
Casting: Shock
Confirm with . or Enter, or press ? or * to list all spells.
The orc priest is struck by lightning.
The orc priest is heavily wounded.
The lightning arcs!
You are struck by lightning.
* * * LOW HITPOINT WARNING * * *
The lightning arcs!
The orc priest is struck by lightning.
The orc priest is almost dead.
The lightning grounds out.
The orc priest calls down the wrath of Beogh upon you.
Pain shoots through your body!
You die...

#.......#
##
#.#####.#
# #.# #.#
# #.# #.#
#.# #.#
#.# #.#
#.# #.#
#####.#
.#
#)oo@.#
#)#####
#### #.
.... #o
#### #.
#### ##
#... #.##


You could see an orc priest and an orc.

Vanquished Creatures
  An ogre (D:4)
  An orc priest (D:5)
  Crazy Yiuf (D:2)
  A hound (D:4)
  Ijyb (D:2)
  Natasha (thrice) (D:3)
  A worker ant (D:5)
  A hound zombie (D:5)
  3 gnolls (D:3)
  7 adders
  An ooze (D:5)
  An adder skeleton (D:4)
  5 worms
  4 dart slugs
  2 leopard geckos
  An orc (D:5)
  5 giant cockroaches
  4 goblins
  8 hobgoblins
  3 jackals (D:2)
  A quokka (D:3)
  A ball python (D:3)
  8 bats
  6 frilled lizards
  5 kobolds
  A quokka zombie (D:5)
  8 rats
84 creatures vanquished.

Notes
Turn   | Place    | Note
-------+----------+-------------------------------------------
     0 | D:1      | nubinia the Deep Elf Air Elementalist began the quest for the Orb.
     0 | D:1      | Reached XP level 1. HP: 10/10 MP: 6/6
   215 | D:1      | Reached XP level 2. HP: 15/15 MP: 6/8
   219 | D:1      | Learned a level 2 spell: Swiftness
   691 | D:2      | Noticed Ijyb
   697 | D:2      | Reached XP level 3. HP: 19/19 MP: 2/10
   711 | D:2      | Learned a level 3 spell: Static Discharge
  1122 | D:2      | Killed Ijyb
  1122 | D:2      | Reached XP level 4. HP: 24/24 MP: 0/11
  1132 | D:2      | Learned a level 4 spell: Airstrike
  1281 | D:2      | Found a runed door.
  1286 | D:2      | Noticed Crazy Yiuf
  1290 | D:2      | Killed Crazy Yiuf
  1290 | D:2      | Reached skill level 4 in Spellcasting
  1695 | D:3      | Found a faded altar of an unknown god.
  1708 | D:3      | Reached XP level 5. HP: 28/28 MP: 7/13
  2138 | D:3      | Noticed Natasha
  2143 | D:3      | Killed Natasha
  2201 | D:3      | Noticed Natasha
  2204 | D:3      | Killed Natasha
  2204 | D:3      | Reached skill level 5 in Spellcasting
  2262 | D:3      | Noticed Natasha
  2266 | D:3      | Killed Natasha
  2266 | D:3      | Reached skill level 1 in Staves
  2440 | D:3      | Reached XP level 6. HP: 32/32 MP: 8/15
  3167 | D:4      | Found a burning altar of Makhleb.
  3170 | D:4      | Reached skill level 6 in Spellcasting
  3246 | D:5      | Entered Level 5 of the Dungeon
  3313 | D:5      | Noticed Edmund
  3389 | D:5      | Reached skill level 5 in Air Magic
  3390 | D:5      | Killed from afar by an orc priest

Vault maps used:
D:1:      saegor_arrival_miasma, minmay_tall_x
D:2:      uniq_crazy_yiuf_cottage, uniq_iyjb
D:3:      first_bread, chequers_ecumenical_altar_island, uniq_natasha
D:4:      makhleb_blood_cavern_becter
D:5:      uniq_edmund, uniq_eustachio

Skill      XL: |  1  2  3  4  5  6 |
---------------+-------------------+-----
Air Magic      | 4 5 |  5.0
Spellcasting   | 4 5 6 |  6.3
Conjurations   | 2 3 |  3.6
Staves         | 1 |  1.2
Dodging        | |  2.9
Stealth        | |  2.9
Charms         | |  0.4

Action                   |  1- 3 |  4- 6 || total
-------------------------+-------+-------++-------
Melee: Quarterstaff      |       |    17 ||    17
 Cast: Shock             |    78 |   120 ||   198
       Static Discharge  |       |     8 ||     8
       Swiftness         |       |     1 ||     1
  Eat: Chunk             |       |     8 ||     8
Armor: Robe              |     2 |    10 ||    12
Dodge: Dodged            |    10 |    19 ||    29
